[ AOE2 MATCH · #478106898 ]
UnrankedEthiopians vs Malians
[ REPLAY ANALYSIS · EXTRACTED FROM THE RECORDED GAME ]
Feudal
10:37
Castle
14:31
Imperial
30:34
| APM avg | 29.9 |
| APM peak | 74 |
| eAPM avg | 23.0 |
| Villagers / military | 207 / 370 |
Focus
⚔️ 46.7% · 🌾 53.3%
Mangonel ×368 · Monk ×2
Feudal
8:40
Castle
17:42
Imperial
42:11
| APM avg | 23.9 |
| APM peak | 95 |
| eAPM avg | 10.8 |
| Villagers / military | 96 / 553 |
Focus
⚔️ 49.2% · 🌾 50.8%
Gbeto ×316 · Militia ×208 · Battering Ram ×13 · Trebuchet (Packed) ×12 · Trade Cart ×5 · Spearman ×3
Feudal
10:55
Castle
18:28
Imperial
30:12
| APM avg | 9.5 |
| APM peak | 40 |
| eAPM avg | 8.2 |
| Villagers / military | 91 / 181 |
Focus
⚔️ 45.3% · 🌾 54.7%
Keshik ×114 · Cavalry Archer ×51 · Trade Cart ×11 · Trebuchet (Packed) ×9 · Skirmisher ×6 · Unknown (1263) ×5
Feudal
—
Castle
—
Imperial
—
| APM avg | 33.3 |
| APM peak | 81 |
| eAPM avg | 18.6 |
| Villagers / military | 125 / 268 |
Focus
⚔️ 38.2% · 🌾 61.8%
Ghulam ×202 · Camel Scout ×23 · Bombard Cannon ×20 · Mangonel ×17 · Hand Cannoneer ×6
Match map
Initial resources + every placement click. Lines = walls · curves = elevation contours. ◆ gold · ⬟ stone · ● berries · ✦ relic · ◌ wall gap
Your base· Open — unwalled flank
TheGhostRam's base· Open — 7t gap
patchayer21's base· Open — unwalled flank
NoobDeElite7101's base· Open — 7t gap
Smoothed initial terrain · ◌ = detected wall gap · hover for details
Inputs per minute
— (PNG)Ultthor - - TheGhostRam
Build order — (PNG)Ultthor
First 150 of 891 actions detected
| 0:14 | Build | Town Center |
| 1:24 | Create | Villager (Male) |
| 1:25 | Create | Villager (Male) |
| 1:25 | Create | Villager (Male) |
| 1:25 | Create | Villager (Male) |
| 1:25 | Create | Villager (Male) |
| 1:25 | Create | Villager (Male) |
| 1:26 | Create | Villager (Male) |
| 2:57 | Create | Villager (Male) |
| 2:57 | Create | Villager (Male) |
| 2:57 | Create | Villager (Male) |
| 2:57 | Create | Villager (Male) |
| 2:57 | Create | Villager (Male) |
| 4:10 | Build | Lumber Camp |
| 4:15 | Create | Villager (Male) |
| 4:15 | Create | Villager (Male) |
| 4:16 | Create | Villager (Male) |
| 4:16 | Create | Villager (Male) |
| 4:16 | Create | Villager (Male) |
| 4:16 | Create | Villager (Male) |
| 4:36 | Create | Villager (Male) |
| 4:36 | Create | Villager (Male) |
| 4:36 | Create | Villager (Male) |
| 4:36 | Create | Villager (Male) |
| 4:37 | Create | Villager (Male) |
| 4:44 | Build | House |
| 5:05 | Create | Villager (Male) |
| 5:06 | Create | Villager (Male) |
| 5:14 | Build | Mill |
| 6:16 | Build | Mill |
| 6:25 | Create | Villager (Male) |
| 6:25 | Create | Villager (Male) |
| 6:25 | Create | Villager (Male) |
| 6:34 | Create | Villager (Male) |
| 6:35 | Create | Villager (Male) |
| 6:35 | Create | Villager (Male) |
| 7:20 | Create | Villager (Male) |
| 7:20 | Create | Villager (Male) |
| 7:20 | Create | Villager (Male) |
| 7:21 | Create | Villager (Male) |
| 8:27 | Research | Feudal Age |
| 9:15 | Create | Villager (Male) |
| 9:15 | Create | Villager (Male) |
| 10:37 | Age | Feudal Age |
| 10:39 | Build | Market |
| 10:41 | Build | Blacksmith |
| 11:25 | Build | House |
| 11:51 | Research | Castle Age |
| 11:56 | Research | Double-Bit Axe |
| 13:29 | Create | Villager (Male) |
| 14:07 | Create | Villager (Male) |
| 14:31 | Age | Castle Age |
| 14:32 | Create | Villager (Male) |
| 14:36 | Build | Town Center |
| 14:39 | Build | Town Center |
| 15:02 | Research | Bow Saw |
| 15:02 | Research | Bow Saw |
| 15:03 | Create | Villager (Male) |
| 15:46 | Create | Villager (Male) |
| 15:46 | Create | Villager (Male) |
| 15:59 | Create | Villager (Male) |
| 16:07 | Create | Villager (Male) |
| 16:07 | Create | Villager (Male) |
| 16:08 | Create | Villager (Male) |
| 16:24 | Build | Town Center |
| 16:27 | Create | Villager (Male) |
| 16:31 | Research | Horse Collar |
| 16:31 | Research | Horse Collar |
| 16:32 | Research | Horse Collar |
| 16:32 | Research | Horse Collar |
| 16:42 | Create | Villager (Male) |
| 16:45 | Build | Farm |
| 16:58 | Build | Farm |
| 16:58 | Create | Villager (Male) |
| 16:58 | Create | Villager (Male) |
| 16:59 | Create | Villager (Male) |
| 17:01 | Create | Villager (Male) |
| 17:01 | Create | Villager (Male) |
| 17:04 | Build | Farm |
| 17:06 | Create | Villager (Male) |
| 17:06 | Create | Villager (Male) |
| 17:14 | Build | Lumber Camp |
| 17:19 | Create | Villager (Male) |
| 17:29 | Build | House |
| 17:31 | Build | House |
| 17:33 | Build | House |
| 17:34 | Build | House |
| 17:35 | Build | House |
| 17:36 | Build | House |
| 17:38 | Create | Villager (Male) |
| 17:38 | Create | Villager (Male) |
| 17:38 | Create | Villager (Male) |
| 17:41 | Build | Farm |
| 17:43 | Build | Farm |
| 17:49 | Research | Wheelbarrow |
| 17:49 | Research | Wheelbarrow |
| 17:49 | Research | Wheelbarrow |
| 18:11 | Create | Villager (Male) |
| 18:11 | Create | Villager (Male) |
| 18:11 | Create | Villager (Male) |
| 18:16 | Create | Villager (Male) |
| 18:19 | Build | Town Center |
| 18:22 | Create | Villager (Male) |
| 18:34 | Build | Farm |
| 18:36 | Build | Farm |
| 18:39 | Build | Farm |
| 18:42 | Build | Farm |
| 18:43 | Create | Villager (Male) |
| 18:43 | Create | Villager (Male) |
| 18:43 | Create | Villager (Male) |
| 18:48 | Build | Farm |
| 18:59 | Create | Villager (Male) |
| 18:59 | Create | Villager (Male) |
| 19:02 | Create | Villager (Male) |
| 19:05 | Build | Farm |
| 19:09 | Build | Farm |
| 19:16 | Build | Farm |
| 19:21 | Build | Farm |
| 19:27 | Build | Farm |
| 19:31 | Build | Farm |
| 19:32 | Create | Villager (Male) |
| 19:34 | Build | Farm |
| 19:34 | Create | Villager (Male) |
| 19:51 | Build | Farm |
| 19:52 | Build | Farm |
| 19:55 | Build | Farm |
| 19:57 | Create | Villager (Male) |
| 19:57 | Create | Villager (Male) |
| 19:58 | Create | Villager (Male) |
| 20:00 | Build | Farm |
| 20:06 | Build | Farm |
| 20:07 | Create | Villager (Male) |
| 20:07 | Create | Villager (Male) |
| 20:12 | Create | Villager (Male) |
| 20:13 | Create | Villager (Male) |
| 20:18 | Build | Farm |
| 20:21 | Create | Villager (Male) |
| 20:21 | Create | Villager (Male) |
| 20:22 | Create | Villager (Male) |
| 20:27 | Build | Farm |
| 20:30 | Build | Farm |
| 20:31 | Create | Villager (Male) |
| 20:31 | Create | Villager (Male) |
| 20:32 | Create | Villager (Male) |
| 20:32 | Create | Villager (Male) |
| 20:33 | Build | Farm |
| 20:36 | Build | Farm |
| 20:44 | Create | Villager (Male) |
| 20:44 | Create | Villager (Male) |
| 20:44 | Create | Villager (Male) |
Build order — TheGhostRam
First 150 of 420 actions detected
| 0:09 | Build | Town Center |
| 1:35 | Create | Villager (Male) ×4 |
| 2:23 | Create | Villager (Male) |
| 3:15 | Create | Villager (Male) |
| 3:47 | Create | Villager (Male) |
| 3:48 | Create | Villager (Male) |
| 3:49 | Create | Villager (Male) |
| 5:10 | Build | Mill |
| 5:30 | Build | Lumber Camp |
| 6:23 | Create | Villager (Male) |
| 6:28 | Research | Feudal Age |
| 8:10 | Build | Mining Camp |
| 8:40 | Age | Feudal Age |
| 8:45 | Create | Villager (Male) |
| 8:46 | Create | Villager (Male) |
| 8:46 | Create | Villager (Male) |
| 9:43 | Build | House |
| 9:46 | Build | House |
| 9:48 | Build | House |
| 10:02 | Create | Villager (Male) |
| 10:12 | Build | Farm |
| 10:15 | Create | Villager (Male) |
| 10:34 | Build | Farm |
| 11:13 | Create | Villager (Male) |
| 11:13 | Create | Villager (Male) |
| 11:38 | Create | Villager (Male) |
| 11:56 | Build | Farm |
| 12:14 | Create | Villager (Male) |
| 12:38 | Build | Blacksmith |
| 12:50 | Build | House |
| 12:59 | Build | Farm |
| 13:11 | Create | Villager (Male) |
| 13:35 | Build | Market |
| 13:47 | Build | Farm |
| 14:02 | Create | Villager (Male) |
| 14:20 | Build | Mining Camp |
| 14:32 | Build | Farm |
| 14:44 | Build | Farm |
| 15:02 | Research | Castle Age |
| 15:20 | Build | Barracks |
| 16:30 | Build | Farm |
| 16:35 | Research | Man-at-Arms (upgrade) |
| 16:47 | Build | Farm |
| 17:04 | Build | Farm |
| 17:29 | Create | Militia |
| 17:30 | Create | Militia |
| 17:30 | Create | Militia |
| 17:31 | Create | Militia |
| 17:40 | Create | Villager (Male) |
| 17:41 | Create | Villager (Male) |
| 17:41 | Create | Villager (Male) |
| 17:42 | Age | Castle Age |
| 18:13 | Build | Town Center |
| 18:16 | Create | Villager (Male) |
| 18:17 | Create | Villager (Male) |
| 18:55 | Research | Scale Mail Armor |
| 20:00 | Create | Villager (Male) |
| 20:00 | Create | Villager (Male) |
| 20:01 | Create | Villager (Male) |
| 20:01 | Create | Villager (Male) |
| 20:53 | Research | Pikeman (upgrade) |
| 20:53 | Create | Spearman |
| 20:53 | Create | Spearman |
| 21:01 | Build | Farm |
| 21:06 | Build | Farm |
| 21:28 | Create | Villager (Male) |
| 21:28 | Create | Villager (Male) |
| 21:34 | Create | Spearman |
| 21:49 | Build | Castle |
| 21:59 | Create | Villager (Male) |
| 21:59 | Create | Villager (Male) |
| 22:12 | Build | Farm |
| 22:20 | Create | Villager (Male) |
| 22:41 | Create | Villager (Male) |
| 22:42 | Create | Villager (Male) |
| 22:55 | Create | Villager (Male) |
| 22:56 | Create | Villager (Male) |
| 23:01 | Build | House |
| 23:30 | Build | House |
| 23:32 | Build | House |
| 23:33 | Build | House |
| 23:34 | Build | House |
| 23:36 | Build | House |
| 23:48 | Build | Farm |
| 23:51 | Create | Villager (Male) |
| 23:51 | Create | Villager (Male) |
| 23:51 | Create | Villager (Male) |
| 23:51 | Create | Villager (Male) |
| 24:11 | Build | Farm |
| 24:18 | Build | Farm |
| 24:39 | Build | Farm |
| 24:43 | Create | Villager (Male) |
| 24:43 | Create | Villager (Male) |
| 24:45 | Create | Villager (Male) |
| 24:45 | Create | Villager (Male) |
| 25:03 | Research | Squires |
| 25:18 | Build | Farm |
| 25:20 | Create | Villager (Male) |
| 25:20 | Create | Villager (Male) |
| 25:28 | Create | Gbeto |
| 25:41 | Build | Farm |
| 25:47 | Build | Farm |
| 25:52 | Build | Farm |
| 25:57 | Build | Farm |
| 26:13 | Build | Castle |
| 26:19 | Build | Barracks |
| 26:34 | Build | Farm |
| 26:37 | Create | Villager (Male) |
| 26:38 | Create | Villager (Male) |
| 26:44 | Create | Gbeto |
| 26:44 | Create | Gbeto |
| 26:44 | Create | Gbeto |
| 26:44 | Create | Gbeto |
| 26:45 | Create | Gbeto |
| 26:45 | Create | Gbeto |
| 26:45 | Create | Gbeto |
| 26:46 | Create | Gbeto |
| 26:46 | Create | Gbeto |
| 27:03 | Create | Villager (Male) |
| 27:03 | Create | Villager (Male) |
| 27:13 | Research | Double-Bit Axe |
| 27:27 | Build | Lumber Camp |
| 27:34 | Create | Villager (Male) |
| 27:34 | Create | Villager (Male) |
| 27:34 | Create | Villager (Male) |
| 27:37 | Create | Villager (Male) |
| 27:47 | Research | Stone Mining |
| 27:57 | Create | Gbeto |
| 27:58 | Create | Gbeto |
| 28:03 | Create | Villager (Male) |
| 28:03 | Create | Villager (Male) |
| 28:05 | Create | Villager (Male) |
| 28:10 | Build | Farm |
| 28:13 | Create | Villager (Male) |
| 28:15 | Create | Villager (Male) |
| 28:46 | Build | Farm |
| 28:52 | Create | Villager (Male) |
| 29:01 | Build | Farm |
| 29:03 | Create | Villager (Male) |
| 29:03 | Create | Villager (Male) |
| 29:07 | Create | Villager (Male) |
| 29:09 | Create | Gbeto |
| 29:09 | Create | Gbeto |
| 29:10 | Create | Gbeto |
| 29:18 | Build | Farm |
| 29:21 | Create | Villager (Male) |
| 29:28 | Research | Long Swordsman (upgrade) |
| 29:40 | Build | Siege Workshop |
| 29:41 | Build | Siege Workshop |
| 29:45 | Create | Villager (Male) |
Build order — patchayer21
First 150 of 404 actions detected
| 0:09 | Build | Town Center |
| 1:24 | Create | Villager (Male) |
| 1:24 | Create | Villager (Male) |
| 1:24 | Create | Villager (Male) |
| 1:25 | Create | Villager (Male) |
| 2:44 | Create | Villager (Male) |
| 3:31 | Build | Lumber Camp |
| 3:41 | Create | Villager (Male) |
| 3:41 | Create | Villager (Male) |
| 4:20 | Create | Villager (Male) |
| 4:21 | Create | Villager (Male) |
| 4:47 | Create | Villager (Male) |
| 5:14 | Create | Villager (Male) |
| 5:19 | Create | Villager (Male) |
| 6:24 | Create | Villager (Male) |
| 6:43 | Build | House |
| 6:51 | Build | Mill |
| 6:55 | Create | Villager (Male) |
| 7:26 | Create | Villager (Male) |
| 7:42 | Create | Villager (Male) |
| 8:36 | Build | Farm |
| 8:45 | Research | Feudal Age |
| 8:54 | Build | Farm |
| 9:03 | Build | Farm |
| 9:10 | Build | Farm |
| 9:19 | Build | Farm |
| 9:30 | Build | Farm |
| 9:46 | Build | Mining Camp |
| 10:22 | Create | Villager (Male) |
| 10:22 | Create | Villager (Male) |
| 10:22 | Create | Villager (Male) |
| 10:22 | Create | Villager (Male) |
| 10:24 | Create | Villager (Male) |
| 10:55 | Age | Feudal Age |
| 11:29 | Build | House |
| 11:30 | Build | House |
| 11:36 | Build | House |
| 12:05 | Build | Market |
| 12:10 | Build | Blacksmith |
| 12:47 | Create | Villager (Male) |
| 12:48 | Create | Villager (Male) |
| 12:48 | Create | Villager (Male) |
| 13:31 | Build | Farm |
| 13:50 | Create | Villager (Male) |
| 13:50 | Create | Villager (Male) |
| 14:22 | Build | Mining Camp |
| 15:00 | Build | Farm |
| 15:48 | Research | Castle Age |
| 16:08 | Build | Farm |
| 18:06 | Create | Villager (Male) |
| 18:06 | Create | Villager (Male) |
| 18:06 | Create | Villager (Male) |
| 18:06 | Create | Villager (Male) |
| 18:07 | Create | Villager (Male) |
| 18:07 | Create | Villager (Male) |
| 18:28 | Age | Castle Age |
| 19:00 | Build | Barracks |
| 19:44 | Build | Town Center |
| 20:01 | Build | Farm |
| 20:09 | Build | Farm |
| 20:18 | Build | Farm |
| 20:43 | Build | Farm |
| 20:51 | Build | Archery Range |
| 21:05 | Build | Farm |
| 21:09 | Create | Villager (Male) |
| 21:09 | Create | Villager (Male) |
| 21:09 | Create | Villager (Male) |
| 21:10 | Create | Villager (Male) |
| 21:10 | Create | Villager (Male) |
| 21:10 | Create | Villager (Male) |
| 21:22 | Build | House |
| 21:22 | Build | House |
| 21:24 | Build | House |
| 21:24 | Build | House |
| 21:42 | Build | Farm |
| 22:08 | Build | Farm |
| 22:17 | Create | Villager (Male) |
| 22:17 | Create | Villager (Male) |
| 22:17 | Create | Villager (Male) |
| 22:18 | Create | Villager (Male) |
| 22:18 | Create | Villager (Male) |
| 22:18 | Create | Villager (Male) |
| 22:43 | Build | University |
| 23:11 | Build | Monastery |
| 23:33 | Build | Mining Camp |
| 23:58 | Create | Villager (Male) |
| 23:58 | Create | Villager (Male) |
| 23:58 | Create | Villager (Male) |
| 23:59 | Create | Villager (Male) |
| 23:59 | Create | Villager (Male) |
| 23:59 | Create | Villager (Male) |
| 25:13 | Create | Villager (Male) |
| 25:13 | Create | Villager (Male) |
| 25:13 | Create | Villager (Male) |
| 25:13 | Create | Villager (Male) |
| 25:14 | Create | Villager (Male) |
| 25:14 | Research | Wheelbarrow |
| 25:15 | Research | Loom |
| 26:02 | Create | Monk |
| 26:41 | Build | Castle |
| 26:56 | Build | Mining Camp |
| 27:02 | Research | Imperial Age |
| 28:29 | Create | Villager (Male) |
| 28:29 | Create | Villager (Male) |
| 28:29 | Create | Villager (Male) |
| 28:30 | Create | Villager (Male) |
| 28:30 | Create | Villager (Male) |
| 28:30 | Create | Villager (Male) |
| 28:39 | Research | Elite Skirmisher (upgrade) |
| 28:43 | Create | Skirmisher |
| 28:44 | Create | Skirmisher |
| 28:44 | Create | Skirmisher |
| 28:44 | Create | Skirmisher |
| 28:44 | Create | Skirmisher |
| 28:45 | Create | Skirmisher |
| 29:32 | Build | House |
| 30:09 | Research | Padded Archer Armor |
| 30:10 | Research | Fletching |
| 30:10 | Research | Forging |
| 30:11 | Research | Scale Mail Armor |
| 30:11 | Research | Scale Barding Armor |
| 30:12 | Age | Imperial Age |
| 30:29 | Build | Farm |
| 30:37 | Build | Farm |
| 30:53 | Create | Villager (Male) |
| 30:53 | Create | Villager (Male) |
| 30:53 | Create | Villager (Male) |
| 30:54 | Create | Villager (Male) |
| 30:54 | Create | Villager (Male) |
| 31:00 | Create | Villager (Male) |
| 31:00 | Create | Villager (Male) |
| 31:00 | Create | Villager (Male) |
| 31:01 | Create | Villager (Male) |
| 31:53 | Build | Farm |
| 31:59 | Build | Farm |
| 32:13 | Build | Farm |
| 32:18 | Build | Farm |
| 32:29 | Build | Farm |
| 32:38 | Build | Farm |
| 32:45 | Build | Farm |
| 33:09 | Build | House |
| 33:10 | Build | House |
| 33:11 | Build | House |
| 33:12 | Build | House |
| 33:14 | Build | House |
| 33:16 | Build | House |
| 33:16 | Build | House |
| 33:25 | Build | Farm |
| 33:30 | Build | Farm |
| 33:59 | Research | Elite Keshik (upgrade) |
Build order — NoobDeElite7101
First 150 of 585 actions detected
| 0:15 | Build | Town Center |
| 1:40 | Create | Villager (Male) |
| 1:40 | Create | Villager (Male) |
| 1:41 | Create | Villager (Male) |
| 1:41 | Create | Villager (Male) |
| 1:41 | Create | Villager (Male) |
| 2:13 | Create | Villager (Male) |
| 2:13 | Create | Villager (Male) |
| 2:14 | Research | Loom |
| 2:41 | Create | Villager (Male) |
| 2:41 | Create | Villager (Male) |
| 3:05 | Create | Villager (Male) |
| 3:05 | Create | Villager (Male) |
| 3:14 | Build | Lumber Camp |
| 3:32 | Create | Villager (Male) |
| 3:32 | Create | Villager (Male) |
| 3:33 | Create | Villager (Male) |
| 4:00 | Create | Villager (Male) |
| 4:00 | Create | Villager (Male) |
| 4:00 | Create | Villager (Male) |
| 4:19 | Build | Mill |
| 4:26 | Create | Villager (Male) |
| 4:27 | Create | Villager (Male) |
| 4:27 | Create | Villager (Male) |
| 4:50 | Create | Villager (Male) |
| 4:50 | Create | Villager (Male) |
| 4:51 | Create | Villager (Male) |
| 4:51 | Create | Villager (Male) |
| 5:34 | Create | Villager (Male) |
| 5:34 | Create | Villager (Male) |
| 5:34 | Create | Villager (Male) |
| 6:09 | Create | Villager (Male) |
| 6:09 | Create | Villager (Male) |
| 6:43 | Create | Villager (Male) |
| 6:55 | Build | House |
| 8:55 | Build | Mining Camp |
| 9:10 | Research | Feudal Age |
| 9:39 | Build | Barracks |
| 9:43 | Build | House |
| 10:58 | Create | Villager (Male) |
| 10:58 | Create | Villager (Male) |
| 10:59 | Create | Villager (Male) |
| 10:59 | Create | Villager (Male) |
| 11:00 | Create | Villager (Male) |
| 11:24 | Build | Stable |
| 12:34 | Build | Market |
| 13:01 | Build | Mill |
| 13:21 | Build | Mill |
| 14:08 | Build | Farm |
| 14:10 | Build | Farm |
| 14:14 | Build | Farm |
| 14:47 | Research | Castle Age |
| 16:21 | Build | House |
| 16:23 | Build | House |
| 16:25 | Build | House |
| 16:59 | Build | Mill |
| 17:07 | Create | Villager (Male) |
| 17:07 | Create | Villager (Male) |
| 17:07 | Create | Villager (Male) |
| 17:08 | Create | Villager (Male) |
| 17:21 | Create | Villager (Male) |
| 17:21 | Create | Villager (Male) |
| 17:57 | Build | Town Center |
| 18:11 | Build | Town Center |
| 18:15 | Research | Double-Bit Axe |
| 18:18 | Research | Horse Collar |
| 18:36 | Build | Blacksmith |
| 18:53 | Create | Villager (Male) |
| 18:53 | Create | Villager (Male) |
| 18:53 | Create | Villager (Male) |
| 19:31 | Create | Camel Scout |
| 19:31 | Create | Camel Scout |
| 19:47 | Create | Villager (Male) |
| 19:47 | Create | Villager (Male) |
| 20:05 | Create | Camel Scout |
| 20:26 | Create | Villager (Male) |
| 20:26 | Create | Villager (Male) |
| 20:26 | Create | Villager (Male) |
| 20:39 | Create | Camel Scout |
| 20:48 | Create | Camel Scout |
| 20:48 | Create | Camel Scout |
| 20:58 | Research | Husbandry |
| 21:34 | Research | Town Watch |
| 21:52 | Build | Farm |
| 21:54 | Build | Farm |
| 21:55 | Build | Farm |
| 21:58 | Build | Farm |
| 22:01 | Build | Farm |
| 22:03 | Build | Farm |
| 22:05 | Build | Farm |
| 22:07 | Build | Farm |
| 22:10 | Build | Farm |
| 22:11 | Build | Farm |
| 22:14 | Build | Farm |
| 22:17 | Build | Farm |
| 22:19 | Build | Farm |
| 22:22 | Build | Farm |
| 22:23 | Build | Farm |
| 22:25 | Build | Farm |
| 22:27 | Build | Farm |
| 22:29 | Build | Farm |
| 22:32 | Create | Villager (Male) |
| 22:32 | Create | Villager (Male) |
| 22:35 | Create | Villager (Male) |
| 22:35 | Create | Villager (Male) |
| 22:35 | Create | Villager (Male) |
| 22:35 | Create | Villager (Male) |
| 23:08 | Build | Mill |
| 23:17 | Create | Villager (Male) |
| 23:18 | Create | Villager (Male) |
| 23:57 | Create | Villager (Male) |
| 23:58 | Create | Villager (Male) |
| 24:33 | Build | House |
| 24:34 | Build | House |
| 24:36 | Build | House |
| 24:38 | Build | House |
| 24:39 | Build | House |
| 24:41 | Build | House |
| 24:47 | Research | Heavy Plow |
| 24:53 | Research | Pikeman (upgrade) |
| 25:08 | Research | Wheelbarrow |
| 25:38 | Create | Villager (Male) |
| 25:39 | Create | Villager (Male) |
| 25:47 | Create | Villager (Male) |
| 25:48 | Create | Villager (Male) |
| 25:55 | Create | Villager (Male) |
| 25:55 | Create | Villager (Male) |
| 25:58 | Create | Villager (Male) |
| 25:58 | Create | Villager (Male) |
| 26:00 | Create | Villager (Male) |
| 26:18 | Build | Farm |
| 26:21 | Build | Farm |
| 26:22 | Build | Farm |
| 26:24 | Build | Farm |
| 26:27 | Build | Farm |
| 26:29 | Build | Farm |
| 26:30 | Build | Farm |
| 26:33 | Build | Farm |
| 26:37 | Build | Farm |
| 26:42 | Create | Villager (Male) |
| 26:42 | Create | Villager (Male) |
| 26:43 | Create | Villager (Male) |
| 26:56 | Create | Villager (Male) |
| 26:57 | Create | Villager (Male) |
| 27:00 | Create | Villager (Male) |
| 27:00 | Create | Villager (Male) |
| 27:29 | Create | Villager (Male) |
| 27:29 | Create | Villager (Male) |
| 27:31 | Create | Villager (Male) |
| 27:31 | Create | Villager (Male) |
Match timeline
| 8:40 | TheGhostRam · age_up feudal |
| 9:39 | NoobDeElite7101 · first_building Barracks |
| 10:37 | (PNG)Ultthor · age_up feudal |
| 10:55 | patchayer21 · age_up feudal |
| 11:24 | NoobDeElite7101 · first_building Stable |
| 14:31 | (PNG)Ultthor · age_up castle |
| 14:59 | TheGhostRam · first_market_buy 100 food |
| 15:20 | TheGhostRam · first_building Barracks |
| 15:44 | (PNG)Ultthor · first_market_buy 100 stone |
| 17:42 | TheGhostRam · age_up castle |
| 18:28 | patchayer21 · age_up castle |
| 19:00 | patchayer21 · first_building Barracks |
| 20:51 | patchayer21 · first_building Archery Range |
| 21:49 | TheGhostRam · first_building Castle |
| 22:53 | (PNG)Ultthor · first_building Monastery |
| 23:11 | patchayer21 · first_building Monastery |
| 23:38 | (PNG)Ultthor · first_market_sell 100 wood |
| 26:26 | (PNG)Ultthor · first_building Siege Workshop |
| 26:41 | patchayer21 · first_building Castle |
| 27:53 | NoobDeElite7101 · first_building Castle |
| 28:54 | (PNG)Ultthor · first_building Castle |
| 29:09 | (PNG)Ultthor · wall_segment Stone Wall x6 |
| 29:11 | (PNG)Ultthor · wall_segment Stone Wall x12 |
| 29:14 | (PNG)Ultthor · wall_segment Stone Wall x14 |
| 29:14 | (PNG)Ultthor · wall_segment Stone Wall x1 |
| 29:17 | (PNG)Ultthor · wall_segment Stone Wall x5 |
| 29:40 | TheGhostRam · first_building Siege Workshop |
| 29:53 | (PNG)Ultthor · wall_segment Stone Wall x3 |
| 30:12 | patchayer21 · age_up imperial |
| 30:28 | (PNG)Ultthor · wall_segment Stone Wall x6 |
| 30:29 | (PNG)Ultthor · wall_segment Stone Wall x2 |
| 30:31 | (PNG)Ultthor · wall_segment Stone Wall x2 |
| 30:31 | (PNG)Ultthor · wall_segment Stone Wall x1 |
| 30:34 | (PNG)Ultthor · age_up imperial |
| 30:52 | TheGhostRam · first_building Monastery |
| 31:00 | (PNG)Ultthor · wall_segment Stone Wall x1 |
| 31:06 | (PNG)Ultthor · wall_segment Stone Wall x7 |
| 32:02 | NoobDeElite7101 · first_building Archery Range |
| 34:33 | (PNG)Ultthor · wall_segment Stone Wall x1 |
| 34:34 | (PNG)Ultthor · wall_segment Stone Wall x1 |
| 34:36 | (PNG)Ultthor · wall_segment Stone Wall x1 |
| 34:37 | (PNG)Ultthor · wall_segment Stone Wall x3 |
| 34:41 | (PNG)Ultthor · wall_segment Stone Wall x1 |
| 34:48 | (PNG)Ultthor · wall_segment Stone Wall x1 |
| 35:05 | (PNG)Ultthor · wall_segment Stone Wall x1 |
| 35:18 | (PNG)Ultthor · wall_segment Stone Wall x5 |
| 35:21 | (PNG)Ultthor · wall_segment Stone Wall x9 |
| 35:31 | (PNG)Ultthor · wall_segment Stone Wall x12 |
| 35:37 | (PNG)Ultthor · wall_segment Stone Wall x6 |
| 36:46 | NoobDeElite7101 · first_market_buy 100 stone |
| 36:49 | NoobDeElite7101 · first_market_sell 100 food |
| 38:06 | TheGhostRam · wall_segment Stone Wall x12 |
| 39:28 | NoobDeElite7101 · first_building Siege Workshop |
| 39:47 | (PNG)Ultthor · wall_segment Stone Wall x1 |
| 39:48 | (PNG)Ultthor · wall_segment Stone Wall x15 |
| 42:11 | TheGhostRam · age_up imperial |
| 43:09 | NoobDeElite7101 · first_building Monastery |
| 43:10 | (PNG)Ultthor · wall_segment Stone Wall x1 |
| 43:11 | (PNG)Ultthor · wall_segment Stone Wall x5 |
| 43:11 | (PNG)Ultthor · wall_segment Stone Wall x1 |
| 49:26 | patchayer21 · first_building Siege Workshop |
| 60:36 | patchayer21 · resign |
[ AI ANALYSIS · 1 CREDIT ]
What really happened in this match?
Wolo.gg analyzes every decision: build order, eco, micro, common mistakes by bracket. Personalized analysis on WhatsApp or Discord in 30 seconds.
Civ guide
Ethiopians
Perfil
Jugador #9153644